Map: Moondance

Players

Penalbug

  • Race: Zerg Zerg
  • League: Bronze
  • Spawn Location: 12:00

grizzzleee - Winner!

  • Race: Terran Terran
  • League: Silver
  • Spawn Location: 6:00

VOD

Have the link to the VOD?

Description

Time

  • Played on: Aug. 19, 2022, 12:05 a.m.
  • Length: 15:40
Show
View Real Time Build Order
Export as new Build Order

Penalbug Zerg 

Build Orders: Hatch First 

Get SALT Encoding   

  12  0:01  Drone  
  13  0:14  Overlord  
  13  0:17  Drone  
  14  0:32  Drone x2  
  16  0:53  Drone  
  17  0:58  Hatchery  
  17  1:04  Drone x2  
  17  1:07  Extractor  
  17  1:18  Drone  
  17  1:19  Spawning Pool  
  17  1:23  Drone  
  18  1:32  Drone  
  19  1:46  Overlord  
  19  2:06  Queen  
  21  2:10  Queen  
  21  2:11  Zergling x6  
  21  2:15  Drone  
  27  2:26  Hatchery  
  26  2:34  Drone x2  
  29  2:46  Drone  
  29  2:47  Drone  
  29  2:49  Roach Warren  
  29  2:50  Metabolic Boost  
  30  2:52  Drone x2  
  30  2:53  Extractor  
  30  2:54  Drone  
  30  2:55  Drone  
  33  3:08  Overlord  
  33  3:09  Drone  
  34  3:20  Overlord  
  34  3:25  Drone x2  
  36  3:30  Roach x4  
  44  4:03  Overlord x3  
  44  4:11  Lair  
  44  4:14  Hatchery  
  43  4:20  Drone x2, Queen, Extractor  
  43  4:22  Drone  
  47  4:26  Roach  
  47  4:27  Roach  
  47  4:30  Zergling x2  
  52  4:33  Zergling x2  
  52  4:36  Roach  
  55  4:54  Overlord  
  55  5:06  Roach  
  63  5:07  Roach x5  
  67  5:14  Queen  
  67  5:15  Glial Reconstitution  
  67  5:21  Evolution Chamber  
  68  5:39  Overlord  
  68  5:41  Drone x2  
  68  5:42  Drone x4  
  74  5:44  Drone  
  74  5:47  Drone  
  76  5:51  Zerg Missile Weapons Level 1  
  76  6:09  Roach  
  76  6:10  Roach x4  
  77  6:25  Spine Crawler  
  76  6:28  Spine Crawler  
  76  6:29  Spine Crawler  
  74  6:34  Ravager  
  74  6:35  Ravager x8  
  52  6:57  Zergling x2  
  52  6:58  Zergling x22  
  53  7:12  Roach x4  
  58  7:41  Overlord x2  
  58  7:42  Roach x7  
  72  7:57  Infestation Pit  
  72  7:58  Zerg Ground Armor Level 1  
  59  8:13  Zergling x2  
  59  8:14  Zergling x16  
  59  8:15  Zergling x2  
  69  8:27  Queen  
  71  8:44  Overlord  
  71  8:50  Zergling x12  
  71  8:51  Zergling x6  
  80  9:00  Hive  
  80  9:13  Drone x5  
  80  9:14  Drone  
  80  9:16  Drone  
  87  9:21  Burrow  
  87  9:40  Overlord x2  
  87  9:45  Drone, Extractor  
  87  9:46  Drone x2, Extractor  
  87  9:47  Drone x3  
  91  10:00  Drone, Hydralisk Den  
  91  10:01  Drone x6  
  91  10:02  Drone  
  98  10:14  Zerg Missile Weapons Level 2  
  98  10:30  Evolution Chamber  
  98  10:31  Overseer  
  98  10:34  Ravager x8  
  98  10:35  Ravager x3  
  108  10:36  Hatchery, Overlord  
  107  10:45  Queen  
  107  10:46  Queen  
  107  10:49  Queen  
  113  11:14  Drone x9  
  113  11:15  Overlord  
  113  11:18  Grooved Spines  
  122  11:19  Zerg Ground Armor Level 2  
  85  12:10  Hydralisk x12  
  85  12:11  Hydralisk x5  
  85  12:12  Zergling x4  
  85  12:13  Zergling x2  
  85  12:14  Zergling x2  
  109  12:15  Zergling x2  
  109  12:17  Zergling x2  
  109  12:18  Zergling x2  
  109  12:19  Zergling x2  
  112  12:29  Muscular Augments  
  112  12:37  Zerg Missile Weapons Level 3  
  112  12:39  Overlord  
  112  12:40  Overlord  
  82  12:59  Roach  
  82  13:00  Roach x16  
  114  13:13  Overlord x2  
  114  13:17  Hydralisk  
  114  13:18  Hydralisk x4  
  124  13:20  Hydralisk  
  70  13:56  Roach  
  70  13:57  Roach x18  
  102  14:12  Roach  
  102  14:13  Roach x2  
  108  14:18  Ravager x2  
  108  14:22  Ravager  
  111  14:26  Ravager  
  112  14:46  Ravager x3  
  105  14:58  Ravager x2  
  76  15:02  Zergling x8  
  76  15:04  Swarm Host x3  
  76  15:06  Roach x2  
Show
View Real Time Build Order
Export as new Build Order

grizzzleee Terran - Winner!

Build Orders: Mech 

Get SALT Encoding   

  12  0:00  SCV  
  13  0:12  SCV  
  14  0:17  Supply Depot  
  14  0:24  SCV  
  15  0:35  Refinery  
  15  0:39  SCV  
  15  0:40  Refinery  
  16  0:51  Barracks  
  16  0:56  SCV  
  17  1:08  SCV  
  18  1:20  SCV  
  19  1:32  SCV  
  20  1:36  Barracks  
  20  1:41  Supply Depot  
  20  1:47  Barracks Reactor  
  20  1:53  Orbital Command  
  20  2:10  Factory  
  20  2:18  SCV  
  21  2:23  Barracks Tech Lab  
  21  2:27  Marine x2  
  23  2:30  SCV  
  24  2:43  SCV  
  24  2:44  Marine, Supply Depot  
  25  2:45  Stimpack  
  26  3:00  Factory Tech Lab, Starport  
  26  3:04  SCV  
  27  3:08  Supply Depot  
  27  3:11  Marine  
  28  3:13  Marine x2  
  30  3:21  Siege Tank  
  33  3:33  Armory  
  33  3:40  Viking  
  35  4:01  Engineering Bay  
  35  4:06  Marine x3  
  38  4:25  Thor  
  38  4:31  Combat Shield  
  44  4:32  Supply Depot  
  44  4:39  Supply Depot  
  44  4:52  Medivac  
  46  4:55  Marine  
  46  4:56  Marine x2  
  49  5:14  Thor  
  55  5:22  Medivac  
  55  5:28  Supply Depot  
  55  6:16  Siege Tank  
  58  6:20  Marine  
  58  6:21  Marine x2  
  58  6:25  Command Center  
  61  6:38  Marine  
  47  7:30  Marine x3  
  47  7:31  Siege Tank  
  47  7:32  Medivac  
  47  7:37  Supply Depot  
  55  7:47  Marine  
  55  7:48  Factory, Marine x2  
  58  7:51  Factory  
  58  7:57  Starport  
  58  8:03  Siege Tank  
  58  8:05  Marine  
  55  8:06  Marine x2  
  55  8:08  Orbital Command  
  58  8:13  Terran Vehicle Weapons Level 1  
  58  8:22  Terran Infantry Weapons Level 1  
  58  8:23  Marine x2  
  58  8:27  Marine  
  61  8:37  Starport Reactor  
  61  8:39  Starport Reactor  
  61  8:41  Marine x2  
  63  8:51  Refinery, Command Center  
  63  8:56  Factory Tech Lab x2  
  63  8:58  Marine  
  63  8:59  Marine x2  
  66  9:14  SCV x2  
  68  9:26  SCV x2  
  68  9:29  Marine x3  
  68  9:31  Siege Tank x2  
  76  9:38  SCV x2  
  81  9:46  Marine  
  81  9:47  Marine  
  81  9:50  SCV  
  84  10:01  Hellbat  
  84  10:03  Hellbat  
  84  10:04  Hellbat  
  90  10:13  Orbital Command  
  90  10:15  SCV x2  
  90  10:20  Refinery  
  92  10:27  SCV x2  
  94  10:29  Hellbat  
  94  10:34  Hellbat x2  
  100  10:37  Medivac  
  100  10:39  SCV x2  
  100  10:40  Medivac  
  106  10:47  Engineering Bay  
  106  10:51  SCV x2, Supply Depot  
  106  10:55  SCV  
  109  11:12  SCV x3  
  109  11:13  Supply Depot  
  112  11:23  Viking x2  
  112  11:25  SCV  
  117  11:33  Supply Depot  
  117  11:35  Viking x2, Supply Depot x2  
  117  11:36  Terran Infantry Armor Level 1  
  117  11:37  SCV  
  117  11:39  Terran Vehicle And Ship Armor Level 1  
  87  12:27  Siege Tank  
  87  12:28  Siege Tank x2  
  96  12:30  Marine  
  96  12:31  Marine x2  
  96  12:36  SCV  
  100  12:38  Refinery  
  99  12:44  Supply Depot  
  99  12:48  Marine x3, SCV  
  99  12:51  Command Center  
  86  13:00  SCV  
  87  13:06  Marine x3  
  87  13:08  Siege Tank x2  
  87  13:09  Siege Tank  
  87  13:12  SCV  
  100  13:22  Viking x2  
  100  13:23  Marine  
  100  13:24  Marine x2  
  107  13:40  Siege Tank x2  
  107  13:41  Siege Tank, Marine, Refinery  
  116  13:42  Marine x2  
  116  13:45  Refinery  
  98  13:59  Marine  
  98  14:00  Marine x2  
  101  14:17  Marine  
  101  14:19  Marine  
  101  14:20  Marine  
  104  14:35  Marine  
  104  14:37  Marine x2  
  106  14:53  Marine  
  106  14:55  Marine x2  
  104  15:11  Marine  
  104  15:13  Marine x2  
Tags
 
Composition
Mech
Matchup
TvZ
Spawn Locations
Cross Positions
Add a new tag
Caveats
  • Supply blocks, unpowered buildings, or Contaminate may cause inaccurate times.
  • Supply counts are checked every 10 seconds.